 Dungeon Crawl Stone Soup version 0.27.0-66-gdc8fb28755 (webtiles) character file.

Game seed: 10693755897074139301

30 ZARRMARR the Digger (level 3, 0/26 HPs)
             Began as a Ghoul Earth Elementalist on Aug 20, 2021.
             Slain by a frilled lizard (2 damage)
             ... on level 1 of the Dungeon.
             The game lasted 00:02:20 (896 turns).

ZARRMARR the Digger (Ghoul Earth Elementalist)       Turns: 896, Time: 00:02:21

Health: 0/26       AC:  2    Str: 12    XL:     3   Next: 20%
Magic:  5/5        EV: 12    Int: 10    God:
Gold:   52         SH:  0    Dex:  9    Spells: 5/6 levels left

rFire    . . .     SeeInvis .     - Unarmed
rCold    + . .     Faith    .   (no shield)
rNeg     + + +     Spirit   .   b - +0 robe
rPois    ∞         Reflect  .   (no helmet)
rElec    .         Harm     .   (no cloak)
rCorr    .         Rampage  .   (no gloves)
Will     .....                  (no boots)
Stlth    ++........             (no amulet)
HPRegen  0.00/turn              (no ring)
MPRegen  0.09/turn              (no ring)

@: inhibited regen
A: claws 1, cold resistance 1, negative energy resistance 3, inhibited
regeneration, torment resistance 2
a: no special abilities


You were on level 1 of the Dungeon.
You visited 1 branch of the dungeon, and saw 1 of its levels.

You collected 52 gold pieces.

Inventory:

Missiles
 c - 32 stones
Armour
 b - a +0 robe (worn)
Scrolls
 a - a scroll of summoning {unknown}
 e - a scroll of identify {unknown}
Potions
 d - a potion of resistance {unknown}


   Skills:
 + Level 0.1 Fighting
 + Level 2.0 Dodging
 + Level 2.2 Stealth
 + Level 1.0 Unarmed Combat
 + Level 2.1 Spellcasting
 + Level 0.8 Transmutations
 + Level 3.9 Earth Magic


You had 5 spell levels left.
You knew the following spells:

 Your Spells              Type           Power      Damage    Failure   Level
a - Sandblast             Erth           16%        2d6       6%          1

Your spell library contained the following spells:

 Spells                   Type           Power      Damage    Failure   Level
 Passwall                 Tmut/Erth      4%         N/A       19%         2
 Stone Arrow              Conj/Erth      8%         3d7       38%         3
 Petrify                  Tmut/Erth      5%         N/A       75%         4


Dungeon Overview and Level Annotations

Branches:
Dungeon (1/15)

Altars:
Jiyva


Innate Abilities, Weirdness & Mutations

You thrive by killing the living.
You are immune to poison.
You have sharp fingernails.
Your flesh is cold resistant. (rC+)
You are immune to negative energy. (rN+++)
You do not regenerate when monsters are visible.
You are immune to unholy pain and torment.


Message History

You closely miss the goblin. The goblin barely misses you.
You scratch the goblin.
You kill the goblin!
The hobgoblin barely misses you.
Your Unarmed Combat skill increases to level 1!
Things that are here:
a +0 dagger; a goblin corpse You scratch the endoplasm.
The endoplasm is heavily wounded.
The hobgoblin misses you.
The endoplasm hits you but does no damage.
You scratch the endoplasm but do no damage.
The endoplasm is heavily wounded.
The hobgoblin closely misses you. The endoplasm barely misses you.
You scratch the endoplasm.
You kill the endoplasm!
You feel better. The hobgoblin misses you. The frilled lizard misses you.
You scratch the hobgoblin.
The hobgoblin is moderately wounded.
The hobgoblin hits you but does no damage.
The frilled lizard closely misses you.
You closely miss the hobgoblin. Your claw misses the hobgoblin.
The hobgoblin is moderately wounded.
The hobgoblin hits you.
* * * LOW HITPOINT WARNING * * *
The frilled lizard misses you.
You closely miss the hobgoblin.
The hobgoblin is moderately wounded.
The hobgoblin closely misses you. The frilled lizard closely misses you.
You scratch the hobgoblin.
The hobgoblin is severely wounded.
The hobgoblin barely misses you. The frilled lizard barely misses you.
You barely miss the hobgoblin.
The hobgoblin is severely wounded.
The hobgoblin misses you. The frilled lizard bites you.
* * * LOW HITPOINT WARNING * * *
You scratch the hobgoblin.
The hobgoblin is almost dead.
The hobgoblin barely misses you. The frilled lizard bites you.
You die...

.. #....# #...# #..
#....#...##...##### # #..
#....+...##.......#
#.#..##....#...##.......#
...............##....†..#
......#...#....##.......#
..#............##.......#
......)l..#.#.#.........#
..#....g@.#)#.#..........
#.#.......#.#.....#....
...###.#...........#.###
. ............>.......##.
.......#...##.......##.
........#..†##..........
........######..........
.....!..# #.....#..##
........ #######..#


You could see a hobgoblin and a frilled lizard.

Vanquished Creatures
  A gnoll (D:1)
  A dart slug (D:1)
  4 bats (D:1)
  An endoplasm (D:1)
  A giant cockroach (D:1)
  A goblin (D:1)
  A hobgoblin (D:1)
  A quokka (D:1)
  3 ball pythons (D:1)
  A frilled lizard (D:1)
  A kobold (D:1)
  4 rats (D:1)
20 creatures vanquished.

Notes
Turn   | Place    | Note
-------+----------+-------------------------------------------
     0 | D:1      | ZARRMARR the Ghoul Earth Elementalist began the quest for
                  | the Orb.
     0 | D:1      | Reached XP level 1. HP: 14/14 MP: 2/2
   157 | D:1      | Found a viscous altar of Jiyva.
   157 | D:1      | Noticed a jelly
   157 | D:1      | Noticed a jelly
   157 | D:1      | Noticed a jelly
   157 | D:1      | Noticed a jelly
   157 | D:1      | Noticed a jelly
   157 | D:1      | Noticed a jelly
   160 | D:1      | Noticed a jelly
   170 | D:1      | Reached XP level 2. HP: 10/20 MP: 4/4
   885 | D:1      | Reached XP level 3. HP: 5/26 MP: 5/5
   887 | D:1      | Reached skill level 1 in Unarmed Combat
   896 | D:1      | Slain by a frilled lizard

Illustrated notes

Levels and vault maps discovered:
D:1:      erik_arrival_cave_to_civilisation [erik_arrival_cave_to_temple],
          layout_basic

Skill      XL: |  1  2  3 |
---------------+----------+-----
Spellcasting   | 2 |  2.1
Dodging        | 2 |  2.0
Unarmed Combat | 1 |  1.0
Fighting       | |  0.1
Stealth        | |  2.2
Transmutations | |  0.8
Earth Magic    | |  3.9

Action                   || total
-------------------------++-------
Melee: Unarmed           ||    80
 Cast: Sandblast         ||     3
 Stab: Sleeping          ||     1
Armor: Robe              ||    32
Dodge: Dodged            ||   100
